 Dungeon Crawl Stone Soup version 0.22-a0-348-gd16d1391c7 (webtiles) character file.

343 Laan the Chopper (level 6, -6/47 HPs)
             Began as a Formicid Fighter on Apr 9, 2018.
             Killed from afar by Laan's ghost (20 damage)
             ... with a spray of energy
             ... on level 4 of the Dungeon.
             The game lasted 00:04:41 (2386 turns).

Laan the Chopper (Formicid Fighter)                 Turns: 2386, Time: 00:04:41

Health: -6/47      AC: 12    Str: 22    XL:     6   Next: 88%
Magic:  6/6        EV:  4    Int:  8    God:
Gold:   112        SH:  0    Dex: 10    Spells: 5/5 levels left

rFire    . . .     SeeInvis +   z - +0 war axe (curse)
rCold    . . .     Gourm    .   c - +0 shield
rNeg     . . .     Faith    .   t - +0 plate armour
rPois    .         Spirit   .   (helmet unavailable)
rElec    .         Reflect  .   d - +0 cloak
rCorr    +         Harm     .   (no gloves)
MR       .....                  (no boots)
Stlth    ..........             (no amulet)
HPRegen  0.15/turn              y - ring of resist corrosion
MPRegen  0.10/turn              (no ring)

@: confused
A: permanent stasis, dig shafts and tunnels, four strong arms, antennae 3
a: Dig, Shaft Self


You were on level 4 of the Dungeon.
You were not hungry.

You visited 1 branch of the dungeon, and saw 4 of its levels.

You collected 112 gold pieces.

Inventory:

Hand Weapons
 z - a cursed +0 war axe (weapon)
Armour
 b - a +0 scale mail
 c - a +0 shield (worn)
 d - a +0 cloak (worn)
 t - a +0 plate armour (worn)
Jewellery
 y - a ring of resist corrosion (left hand)
Scrolls
 h - 5 scrolls of remove curse {unknown}
 j - 2 scrolls of immolation {unknown}
 l - 4 scrolls of enchant weapon {unknown}
 m - a scroll of magic mapping {unknown}
 n - 2 scrolls of teleportation {unknown}
 o - a scroll of blinking {unknown}
 p - 2 scrolls of amnesia {unknown}
 q - 6 scrolls of identify {unknown}
 u - a scroll of fog {unknown}
Potions
 e - a potion of degeneration {unknown}
 i - a potion of cancellation {unknown}
 k - 2 potions of heal wounds {unknown}
 r - 2 potions of berserk rage {unknown}
 s - a potion of curing {unknown}
 v - a potion of haste {unknown}
 w - a potion of lignification {unknown}
 x - 2 potions of brilliance {unknown}
Comestibles
 a - 8 chunks of flesh
 f - 6 rations


   Skills:
 - Level 3.2 Fighting
 + Level 6.8 Axes
 - Level 3.2 Armour
 - Level 3.6 Shields


You had 5 spell levels left.
You didn't know any spells.

Dungeon Overview and Level Annotations

Branches:
Dungeon (4/15)
 Temple: D:4-7

Altars:
Ashenzari

Annotations:
D:4 Laan's ghost, amateur DECj


Innate Abilities, Weirdness & Mutations

You cannot be hasted, slowed, berserked, paralysed or teleported.
You can dig through walls and to a lower floor.
Your four strong arms can wield two-handed weapons with a shield.
You have a pair of large antennae on your head. (SInv)


Message History

You are too confused!
You are too confused!
You're too confused to move!
Laan's ghost casts a spell at you. The spray of energy hits you!
You are more confused.
You're too confused to move!
Laan's ghost hits you but does no damage.
You miss Laan's ghost.
Laan's ghost is almost destroyed.
Laan's ghost hits you but does no damage.
You bump into the rock wall.
Laan's ghost casts a spell at you. The orb of energy hits you!
* * * LOW HITPOINT WARNING * * *
The orb of energy explodes!
You bump into the rock wall.
Laan's ghost gestures at you while chanting.
The spray of energy hits you!
You die...

#.# #......#..#
...#####..... #.
######.#..#
............. #
######.#..#
...#####.####
...........# ...#
#.# #######.##.#
#...# #.# #.##.##
#...#####.#
#.#...###>....<...#
#...#.W...#.#######
###..@##### ##.## {
#. ##


You could see Laan's ghost.

Vanquished Creatures
  A hound (D:4)
  An orc priest (D:3)
  A centaur skeleton (D:4)
  4 orc wizards
  Crazy Yiuf (D:3)
  A worker ant (D:4)
  2 adders (D:3)
  3 dart slugs
  2 leopard geckos
  6 orcs
  2 giant cockroaches
  11 goblins
  7 hobgoblins
  2 jackals (D:1)
  2 quokkas
  10 bats
  2 frilled lizards
  7 kobolds
  7 rats
72 creatures vanquished.

Notes
Turn   | Place    | Note
-------+----------+-------------------------------------------
     0 | D:1      | Laan the Formicid Fighter began the quest for the Orb.
     0 | D:1      | Reached XP level 1. HP: 18/18 MP: 1/1
    87 | D:1      | Reached XP level 2. HP: 22/24 MP: 2/2
   233 | D:1      | Reached skill level 3 in Axes
   319 | D:1      | Reached XP level 3. HP: 29/29 MP: 3/3
   973 | D:2      | Found a shattered altar of Ashenzari.
  1276 | D:2      | Reached skill level 4 in Axes
  1276 | D:2      | Reached XP level 4. HP: 33/35 MP: 4/4
  1597 | D:3      | Reached skill level 5 in Axes
  1597 | D:3      | Reached XP level 5. HP: 38/41 MP: 5/5
  1886 | D:3      | Found a runed door.
  1892 | D:3      | Noticed Crazy Yiuf
  1897 | D:3      | Killed Crazy Yiuf
  2068 | D:4      | Reached XP level 6. HP: 36/47 MP: 6/6
  2115 | D:4      | Reached skill level 6 in Axes
  2369 | D:4      | Noticed Laan's ghost (amateur DECj)
  2386 | D:4      | Killed from afar by Laan's ghost

Vault maps used:
D:1:      scummos_arrival_simple_fountains
D:2:      overflow_temple_1_default, first_ration
D:3:      uniq_crazy_yiuf_cottage
D:4:      sigmund_edmund_badplayer

Skill      XL: |  1  2  3  4  5  6 |
---------------+-------------------+-----
Axes           | 3 4 5 6 |  6.8
Fighting       | |  3.2
Armour         | |  3.2
Shields        | |  3.6

Action                   |  1- 3 |  4- 6 || total
-------------------------+-------+-------++-------
Melee: War axe           |   110 |   116 ||   226
  Use: Potion            |       |     1 ||     1
  Eat: Chunk             |     1 |     4 ||     5
Armor: Scale mail        |    45 |       ||    45
       Plate armour      |    13 |    61 ||    74
Dodge: Dodged            |    31 |    20 ||    51
Block: Shield            |    44 |    66 ||   110

Table legend:
 A = Spawn XP
 B = Non-spawn XP
 C = Spawn XP percentage of total XP
 D = Spawn monster count
 E = Non-spawn monster count
 F = Spawn count percentage of total count
 G = Total turns spent on level
                    A         B        C        D         E        F      G
               +---------+---------+-------+---------+---------+-------+---------
         Total |       0 |     490 |   0.0 |       0 |      72 |   0.0 |  2386
               +---------+---------+-------+---------+---------+-------+---------
           D:1 |       0 |      47 |   0.0 |       0 |      28 |   0.0 |   715
           D:2 |       0 |      35 |   0.0 |       0 |      19 |   0.0 |   812
           D:3 |       0 |     176 |   0.0 |       0 |      17 |   0.0 |   565
           D:4 |       0 |     232 |   0.0 |       0 |       8 |   0.0 |   294
               +---------+---------+-------+---------+---------+-------+---------
